 Dungeon Sprint DCSS version 0.17.1-3-g152610e (webtiles) character file.

6 hexophile the Skirmisher (level 1, -3/22 HPs)
             Began as a Ghoul Fighter on Apr 23, 2016.
             Slain by a sky beast (6 damage)
             ... in the Dungeon (Sprint IX: "|||||||||||||||||||||||||||||").
             The game lasted 00:00:25 (58 turns).

hexophile the Skirmisher (Ghoul Fighter)              Turns: 58, Time: 00:00:25

Health: -3/22      AC:  6    Str: 24    XL:     1   Next: 90%
Magic:  0/0        EV:  7    Int:  3    God:
Gold:   0          SH:  9    Dex:  8    Spells: 0 memorised, 0 levels left

rFire  . . .     SeeInvis .     a - +0 long sword
rCold  + . .     Clarity  .     b - +0 scale mail
rNeg   + + +     SustAt   .     c - +0 shield
rPois  ∞         Gourm    .     (no helmet)
rElec  .         Spirit   .     (no cloak)
rCorr  .         Warding  .     (no gloves)
rMut   .         NoTele   +     (no boots)
MR     .....                    (no amulet)
Stlth  ..........               (no ring)
                                (no ring)

@: mighty, very slightly contaminated, rotting, hasted, very quick, not
resistant to hostile enchantments, extremely unstealthy
A: rotting body, claws 1, carnivore 3, cold resistance 1, negative energy
resistance 3, slow regeneration 1, torment resistance, unbreathing
a: no special abilities


You were in the Dungeon.
You were not hungry.

You visited 1 branch


Innate Abilities, Weirdness & Mutations

Your body is rotting away.
You thrive on raw meat.
You are immune to poison.
You have sharp fingernails.
You are carnivorous and can eat meat at any time.
Your flesh is cold resistant.
You are immune to negative energy.
You regenerate slowly when monsters are visible.
You are immune to unholy pain and torment.
You can survive without breathing.

Inventory:

Hand Weapons
 a - a +0 long sword (weapon)
Armour
 b - a +0 scale mail (worn)
 c - a +0 shield (worn)
Scrolls
 k - a scroll of blinking
Potions
 f - a potion of curing
 i - 2 potions of magic
 j - a potion of berserk rage
Comestibles
 e - a meat ration


You couldn't memorise any spells.
You didn't know any spells.


   Skills:
 * Level 4.3 Fighting
 * Level 2.8 Long Blades
 - Level 2.6 Armour
 - Level 2.6 Shields

Dungeon Overview and Level Annotations

Branches:
Dungeon (1/1)

Altars:

Vault maps used:
D:        linesprint
You       could see an ogre, a jelly, a worker ant and a giant gecko.


Message History

Things that are here:
a dagger; a ball python corpse; a giant newt corpse No target in view!
No target in view!
Sorry, you're not good enough to have a special ability.
Unknown command.
You open the door.
A giant gecko, a jelly, a worker ant, a sky beast and an ogre come into view.
The ogre shouts!
The worker ant twitches its antennae in your direction.
Unknown command.
Drink which item? (? for menu, Esc to quit)
You feel yourself speed up. The sky beast barely misses you.
You are very lightly contaminated with residual magic.
You closely miss the sky beast. You barely miss the sky beast.
You block the sky beast's attack.
You closely miss the sky beast.
The sky beast hits you but does no damage.
You closely miss the sky beast. The sky beast closely misses you.
You closely miss the sky beast. The sky beast hits you.
* * * LOW HITPOINT WARNING * * *
The sky beast shocks you.
* * * LOW HITPOINT WARNING * * *
You lost 10 HP.
You have now: 1/21 HP.
Unknown command.
Unknown command.
Drink which item? (? for menu, Esc to quit)
You feel much better. You block the sky beast's attack.
You got additional 1 HP.
Restored 21 HP.
You have now: 22/22 HP.
Drink which item? (? for menu, Esc to quit)
You feel very mighty all of a sudden.
You miss the sky beast. You block the sky beast's attack.
You closely miss the sky beast.
The sky beast flickers out of sight!
Deactivating autopickup; reactivate with Ctrl-A.
Something hits you. Something shocks you.
You lost 9 HP.
You have now: 13/22 HP.
Your shield and scale mail prevent you from hitting something.
Something hits you but does no damage.
You closely miss something.
A sky beast appears from thin air!
Reactivating autopickup.
You block the sky beast's attack.
You closely miss the sky beast.
The sky beast flickers out of sight!
Deactivating autopickup; reactivate with Ctrl-A.
Something hits you. Something shocks you.
* * * LOW HITPOINT WARNING * * *
You lost 8 HP.
You have now: 5/22 HP.
You slash something! Something hits you.
* * * LOW HITPOINT WARNING * * *
Something shocks you.
You die...

Action                   || total
-------------------------++-------
Melee: Long sword        ||    44
  Use: Potion            ||     3

Notes
Turn   | Place    | Note
--------------------------------------------------------------
     0 | D        | hexophile the Ghoul Fighter began the quest for the Orb.
     0 | D        | Reached XP level 1. HP: 19/19 MP: 0/0
    23 | D        | Reached skill level 2 in Long Blades
    26 | D        | Reached skill level 4 in Fighting
    44 | D        | Noticed a jelly
    44 | D        | Noticed an ogre
    44 | D        | Noticed a worker ant
    44 | D        | Noticed a sky beast
    50 | D        | HP: 1/21 [sky beast (6)]
    58 | D        | Slain by a sky beast

Table legend:
 A = Turns spent in this place as a percentage of turns spent in the entire game.
 B = Non-inter-level travel turns spent in this place as a percentage of non-inter-level travel turns spent in the entire game.
 C = Inter-level travel turns spent in this place as a percentage of turns spent in this place.
 D = Turns resting spent in this place as a percentage of non-inter-level travel turns spent in this place.
 E = Turns spent auto-exploring this place as a percentage of non-inter-level travel turns spent in this place.
 F = Non-inter-level travel turns spent in this place divided by the number of levels of this place that you've seen.
                   A       B       C       D       E      F
               +-------+-------+-------+-------+-------+----------------------
         Total | 100.0 | 100.0 |   0.0 |   0.0 |   0.0 |  75.0
       Dungeon | 100.0 | 100.0 |   0.0 |   0.0 |   0.0 |  75.0
               +-------+-------+-------+-------+-------+----------------------

Table legend:
 A = Kills in this place as a percentage of kills in entire the game.
 B = Kills by you in this place as a percentage of kills by you in the entire game.
 C = Kills by friends in this place as a percentage of kills by friends in the entire game.
 D = Other kills in this place as a percentage of other kills in the entire game.
 E = Experience gained in this place as a percentage of experience gained in the entire game.
 F = Experience gained in this place divided by the number of levels of this place that you have seen.
                   A       B       C       D       E      F
               +-------+-------+-------+-------+-------+----------------------
         Total | 100.0 | 100.0 |  -nan |  -nan | 100.0 |   9.0
       Dungeon | 100.0 | 100.0 |  -nan |  -nan | 100.0 |   9.0
               +-------+-------+-------+-------+-------+----------------------

Vanquished Creatures
  A giant gecko (D)
  A giant cockroach (D)
  A goblin (D)
  A ball python (D)
  A giant newt (D)
5 creatures vanquished.
